 Dungeon Crawl Stone Soup version 0.21.1-1-g345015fe64 (webtiles) character file.

172 LevaFresel the Chopper (level 5, -3/42 HPs)
             Began as a Human Fighter on June 12, 2018.
             Was a Follower of Nemelex Xobeh.
             Shot with an arrow by a centaur (6 damage)
             ... on level 3 of the Dungeon.
             The game lasted 00:05:01 (2326 turns).

LevaFresel the Chopper (Human Fighter)              Turns: 2326, Time: 00:05:02

Health: -3/42      AC: 10    Str: 18    XL:     5   Next: 83%
Magic:  5/5        EV:  7    Int:  8    God:    Nemelex Xobeh [*.....]
Gold:   112        SH:  9    Dex: 12    Spells: 4/4 levels left

rFire    . . .     SeeInvis .   a - +0 war axe
rCold    . . .     Gourm    .   c - +0 shield
rNeg     . . .     Faith    .   b - +0 scale mail
rPois    .         Spirit   .   (no helmet)
rElec    .         Reflect  .   p - +1 cloak {MR+}
rCorr    .         Harm     .   q - +0 pair of gloves
MR       +....                  (no boots)
Stlth    ..........             (no amulet)
HPRegen  0.14/turn              e - +2 ring of slaying
MPRegen  0.09/turn              (no ring)

@: no status effects
A: no striking features
a: Renounce Religion


You were on level 3 of the Dungeon.
You worshipped Nemelex Xobeh.
Nemelex Xobeh was aware of your devotion.
You were very hungry.

You visited 1 branch of the dungeon, and saw 3 of its levels.

You collected 112 gold pieces.

Inventory:

Hand Weapons
 a - a +0 war axe (weapon)
Armour
 b - a +0 scale mail (worn)
 c - a +0 shield (worn)
 p - a +1 cloak of magic resistance (worn)
 q - a +0 pair of gloves (worn)
Jewellery
 e - a +2 ring of slaying (left hand)
Scrolls
 h - 2 scrolls of identify {unknown}
 i - 3 scrolls of teleportation {unknown}
 k - 4 scrolls of remove curse {unknown}
 l - a scroll of noise {unknown}
 o - a scroll of amnesia {unknown}
 r - a scroll of immolation {unknown}
 s - a scroll of magic mapping {unknown}
Potions
 d - 2 potions of might
 g - a potion of curing {unknown}
 j - a potion of brilliance {unknown}
 m - a potion of resistance {unknown}
 n - a potion of heal wounds {unknown}
Miscellaneous
 t - a plain deck of destruction
Comestibles
 f - 4 rations


   Skills:
 + Level 3.7 Fighting
 * Level 3.8 Axes
 + Level 3.7 Armour
 + Level 3.8 Shields


You had 4 spell levels left.
You didn't know any spells.

Dungeon Overview and Level Annotations

Branches:
Dungeon (3/15)

Altars:
Nemelex Xobeh
Vehumet
The Shining One


Message History

Your shield and scale mail prevent you from hitting the orc.
The orc is almost dead.
The centaur shoots an arrow.
The arrow hits you. The orc hits you but does no damage.
You closely miss the orc.
The orc is almost dead.
The centaur shoots an arrow.
The arrow closely misses you. The orc hits you but does no damage.
The centaur shoots an arrow.
The arrow hits you!
You slash the orc!
You kill the orc!
The centaur shoots an arrow.
The arrow hits you.
* * * LOW HITPOINT WARNING * * *
The centaur shoots an arrow.
The arrow hits you.
* * * LOW HITPOINT WARNING * * *
The centaur shoots an arrow.
You block the arrow.
You see here an arrow.
The centaur shoots an arrow.
The arrow hits you.
You die...
Your body disappears without a glow.

..#........g..#
.
#.#.###.......#
#.#g# #.......#
##.#.#
#..##.###
#.)..# #.. ...
#.(# ##. #.#
#c(#
#..######.##
#...@.......
#...#######.
#...#####
#........
#.#.##### #.#.#
##.#.#
##....##### ###
##..........
...


You could see a centaur.

Vanquished Creatures
  Crazy Yiuf (D:2)
  An orc priest (D:3)
  Jessica (D:2)
  4 adders
  2 dart slugs (D:1)
  8 orcs (D:3)
  4 bats
  A giant cockroach (D:1)
  2 goblins
  8 hobgoblins
  4 kobolds
  A quokka (D:2)
  2 frilled lizards
  4 rats
43 creatures vanquished.

Notes
Turn   | Place    | Note
-------+----------+-------------------------------------------
     0 | D:1      | LevaFresel the Human Fighter began the quest for the Orb.
     0 | D:1      | Reached XP level 1. HP: 18/18 MP: 1/1
   221 | D:1      | Reached XP level 2. HP: 24/24 MP: 2/2
   588 | D:1      | You fall through a shaft!
   596 | D:2      | Noticed Jessica
   603 | D:2      | Killed Jessica
   603 | D:2      | Reached XP level 3. HP: 26/29 MP: 3/3
   627 | D:2      | Found a glowing golden altar of the Shining One.
   628 | D:2      | Found a sparkling altar of Nemelex Xobeh.
   644 | D:2      | Became a worshipper of Nemelex Xobeh the Trickster
   787 | D:3      | Received a gift from Nemelex Xobeh
   795 | D:3      | Reached XP level 4. HP: 28/35 MP: 4/4
  1236 | D:2      | Found a runed door.
  1240 | D:2      | Noticed Crazy Yiuf
  1250 | D:2      | Killed Crazy Yiuf
  1250 | D:2      | Reached XP level 5. HP: 7/41 MP: 5/5
  1886 | D:2      | Found a radiant altar of Vehumet.
  2290 | D:3      | Reached * piety under Nemelex Xobeh
  2290 | D:3      | Received a gift from Nemelex Xobeh
  2319 | D:3      | Noticed a centaur
  2323 | D:3      | HP: 2/42 [centaur/arrow (6)]
  2326 | D:3      | Shot with an arrow by a centaur

Skill      XL: |  1  2  3  4 |
---------------+-------------+-----
Axes           | 3 |  3.8
Fighting       | |  3.7
Armour         | |  3.7
Shields        | |  3.8

Action                   |  1- 3 |  4- 6 || total
-------------------------+-------+-------++-------
Melee: War axe           |    40 |   112 ||   152
  Eat: Ration            |       |     1 ||     1
Armor: Scale mail        |    10 |    62 ||    72
Dodge: Dodged            |     8 |    36 ||    44
Block: Shield            |    22 |    56 ||    78
